SNL (28 & UNDER)
GAINESVILLE GUIDOS @ SANTA FE DIABLOS
06/25/2023
 
TOP OF THE 1ST
Gainesville Guidos batting - Pitching for Santa Fe Diablos : RHP Júlio Torres
Pitching: RHP Júlio Torres
Batting: RHB Pedro Mata 0-0: Called Strike
0-1: Ball
1-1: Swinging Strike
1-2: Strikes out looking
Batting: RHB Victor Andrews 0-0: Called Strike
0-1: DOUBLE (Line Drive, 5)
Batting: LHB Sergio Barrón 0-0: Ground out 4-3 (Groundball, 34)
Victor Andrews to third
Batting: RHB José Fernández 0-0: Swinging Strike
0-1: Foul Ball, location: 2F
0-2: Ball
1-2: Foul Ball, location: 2F
1-2: Ball
2-2: Foul Ball, location: 2F
2-2: Ground out 6-3 (Groundball, 6)
Top of the 1st over - 0 run(s), 1 hit(s), 0 error(s), 1 left on base; Gainesville 0 - Santa Fe 0
BOTTOM OF THE 1ST
Santa Fe Diablos batting - Pitching for Gainesville Guidos : RHP Fernando Rodríguez
Pitching: RHP Fernando Rodríguez
Batting: RHB Henning Huisman 0-0: Called Strike
0-1: Ball
1-1: Reached on error, E6 (Groundball, 6)
Batting: RHB Robert Johnson 0-0: Ball
1-0: Swinging Strike
1-1: Ball
2-1: Foul Ball, location: 2F
2-2: Ball
3-2: SINGLE (Groundball, 56)
Henning Huisman to second
Henning Huisman to third
Batting: RHB Randy Sheppard 0-0: Foul Ball, location: 2F
0-1: Foul Ball, location: 2F
0-2: Foul Ball, location: 2F
0-2: Ball
1-2: Ball
2-2: DOUBLE (Line Drive, 7LD)
Henning Huisman scores
Robert Johnson to third
Batting: SHB António Hernández 0-0: Ball
1-0: Foul Ball, location: 2F
1-1: Ball
2-1: Ball
3-1: Foul Ball, location: 2F
3-2: Strikes out looking
Batting: LHB Roberto Sandoval 0-0: Called Strike
0-1: Ball
1-1: Ball
2-1: Foul Ball, location: 2F
2-2: Strikes out looking
Batting: RHB Wallace Greene 0-0: SINGLE (Line Drive, 34)
Robert Johnson scores
Randy Sheppard to third
Runner from 3rd tries for Home, throw and OUT!
Bottom of the 1st over - 2 run(s), 3 hit(s), 1 error(s), 1 left on base; Gainesville 0 - Santa Fe 2
TOP OF THE 2ND
Gainesville Guidos batting - Pitching for Santa Fe Diablos : RHP Júlio Torres
Batting: LHB Ed Hart 0-0: Ball
1-0: Foul Ball, location: 2F
1-1: Called Strike
1-2: DOUBLE (Flyball, 7D)
Batting: RHB Noriyori Ine 0-0: Ball
1-0: Ball
2-0: Ball
3-0: Called Strike
3-1: Base on Balls
Batting: LHB António Hernández 0-0: Called Strike
0-1: Ball
1-1: Fly out, F9 (Flyball, 89D)
Runner from 2nd tags up, SAFE at 3rd, no throw
Batting: RHB Jason Saunders 0-0: Called Strike
0-1: Called Strike
0-2: Foul Ball, location: 2F
0-2: Strikes out looking
Batting: RHB José Ortega 0-0: Ball
1-0: Ball
2-0: Swinging Strike
2-1: SINGLE (Flyball, 89S)
Ed Hart scores
Noriyori Ine to second
Runner from 2nd tries for 3rd, OUT!
Top of the 2nd over - 1 run(s), 2 hit(s), 0 error(s), 1 left on base; Gainesville 1 - Santa Fe 2
BOTTOM OF THE 2ND
Santa Fe Diablos batting - Pitching for Gainesville Guidos : RHP Fernando Rodríguez
Batting: RHB Arnold Harmon 0-0: Called Strike
0-1: Called Strike
0-2: Strikes out swinging
Batting: LHB Don Soper 0-0: Fly out, F6 (Popup, 6)
Batting: RHB Keith Jones 0-0: Called Strike
0-1: Called Strike
0-2: Ball
1-2: Ball
2-2: Foul Ball, location: 2F
2-2: Ground out 4-3 (Groundball, 4M)
Bottom of the 2nd over - 0 run(s), 0 hit(s), 0 error(s), 0 left on base; Gainesville 1 - Santa Fe 2
TOP OF THE 3RD
Gainesville Guidos batting - Pitching for Santa Fe Diablos : RHP Júlio Torres
Batting: RHB Pedro Mata 0-0: Ball
1-0: Called Strike
1-1: Ball
2-1: Swinging Strike
2-2: Ground out 6-3 (Groundball, 6)
Batting: RHB Victor Andrews 0-0: Ground out 5-3 (Groundball, 5S)
Batting: LHB Sergio Barrón 0-0: Ball
1-0: Foul Ball, location: 2F
1-1: Ball
2-1: Ball
3-1: Foul Ball, location: 2F
3-2: Foul Ball, location: 2F
3-2: Foul Ball, location: 2F
3-2: Fly out, F7 (Flyball, 7M)
Top of the 3rd over - 0 run(s), 0 hit(s), 0 error(s), 0 left on base; Gainesville 1 - Santa Fe 2
BOTTOM OF THE 3RD
Santa Fe Diablos batting - Pitching for Gainesville Guidos : RHP Fernando Rodríguez
Batting: RHB Henning Huisman 0-0: SOLO HOME RUN (Flyball, 7LD), Distance : 323 ft
Batting: RHB Robert Johnson 0-0: Ball
1-0: Fly out, F7 (Flyball, 78M)
Batting: RHB Randy Sheppard 0-0: Called Strike
0-1: Swinging Strike
0-2: Fly out, F9 (Flyball, 9S)
Batting: SHB António Hernández 0-0: Ball
1-0: Foul Ball, location: 2F
1-1: DOUBLE (Line Drive, 9LS)
Batting: LHB Roberto Sandoval 0-0: Foul Ball, location: 2F
0-1: Foul Ball, location: 2F
0-2: Ball
1-2: Ball
2-2: Fly out, F2 (Popup, 2LF)
Bottom of the 3rd over - 1 run(s), 2 hit(s), 0 error(s), 1 left on base; Gainesville 1 - Santa Fe 3
TOP OF THE 4TH
Gainesville Guidos batting - Pitching for Santa Fe Diablos : RHP Júlio Torres
Batting: RHB José Fernández 0-0: Swinging Strike
0-1: Foul Ball, location: 2F
0-2: Ball
1-2: Fly out, F4 (Line Drive, 4)
Batting: LHB Ed Hart 0-0: Called Strike
0-1: Foul Ball, location: 2F
0-2: Ball
1-2: Foul Ball, location: 2F
1-2: Fly out, F8 (Flyball, 8LM)
Batting: RHB Noriyori Ine 0-0: Foul Ball, location: 2F
0-1: Foul Ball, location: 2F
0-2: Strikes out looking
Top of the 4th over - 0 run(s), 0 hit(s), 0 error(s), 0 left on base; Gainesville 1 - Santa Fe 3
BOTTOM OF THE 4TH
Santa Fe Diablos batting - Pitching for Gainesville Guidos : RHP Fernando Rodríguez
Batting: RHB Wallace Greene 0-0: Swinging Strike
0-1: DOUBLE (Line Drive, 7LM)
Batting: RHB Arnold Harmon 0-0: SINGLE (Groundball, 34S)
Wallace Greene to third
Runner from 3rd tries for Home, SAFE, no throw or cutoff
Batting: LHB Don Soper 0-0: Called Strike
0-1: Ball
1-1: Ball
2-1: Swinging Strike
2-2: Ball
3-2: Foul Ball, location: 2F
3-2: Foul Ball, location: 2F
3-2: Base on Balls
Arnold Harmon to second
Batting: RHB Keith Jones 0-0: Called Strike
0-1: Swinging Strike
0-2: Ball
1-2: Ball
Error on foul ball, E5
2-2: SINGLE (Flyball, 89S)
Arnold Harmon to third
Don Soper to second
Runner from 3rd tries for Home, SAFE, no throw or cutoff
Batting: RHB Henning Huisman 0-0: Ball
1-0: Ball
2-0: Foul Ball, location: 2F
2-1: SINGLE (Groundball, 25) (infield hit)
Don Soper to third
Keith Jones to second
Batting: RHB Robert Johnson 0-0: Called Strike
0-1: Ball
1-1: Called Strike
1-2: Foul Ball, location: 2F
1-2: Strikes out swinging
Batting: RHB Randy Sheppard 0-0: Ball
1-0: Fielders Choice at 2nd, 6-4 (Groundball, 6)
Don Soper scores
Keith Jones to third
Batting: SHB António Hernández 0-0: Called Strike
0-1: Called Strike
0-2: Strikes out swinging
Bottom of the 4th over - 3 run(s), 4 hit(s), 1 error(s), 2 left on base; Gainesville 1 - Santa Fe 6
TOP OF THE 5TH
Gainesville Guidos batting - Pitching for Santa Fe Diablos : RHP Júlio Torres
Batting: LHB António Hernández 0-0: Called Strike
0-1: SINGLE (Line Drive, 34D)
Batting: RHB Jason Saunders 0-0: Swinging Strike
0-1: Ball
1-1: Reached on error, E5 (Groundball, 5L)
António Hernández to second
Batting: RHB José Ortega 0-0: Ball
1-0: Fielders Choice at 2nd, 5-4 (Groundball, 56)
António Hernández to third
Batting: RHB Pedro Mata 0-0: Called Strike
0-1: SINGLE (Groundball, 56)
António Hernández scores
José Ortega to second
Batting: RHB Victor Andrews 0-0: Swinging Strike
0-1: Ball
1-1: Ball
2-1: Swinging Strike
2-2: Fly out, F8 (Flyball, 8RXD)
Runner from 2nd tags up, SAFE at 3rd, no throw
Batting: LHB Sergio Barrón 0-0: Ball
1-0: Called Strike
1-1: Foul Ball, location: 2F
1-2: Strikes out swinging
Top of the 5th over - 1 run(s), 2 hit(s), 1 error(s), 2 left on base; Gainesville 2 - Santa Fe 6
BOTTOM OF THE 5TH
Santa Fe Diablos batting - Pitching for Gainesville Guidos : RHP Fernando Rodríguez
Batting: LHB Roberto Sandoval 0-0: Called Strike
0-1: Swinging Strike
0-2: Foul Ball, location: 2F
0-2: Ball
1-2: SINGLE (Line Drive, 4MD)
Batting: RHB Wallace Greene 0-0: Ball
1-0: Called Strike
1-1: Called Strike
1-2: Ball
2-2: Ball
3-2: Strikes out swinging
Batting: RHB Arnold Harmon 0-0: Ball
1-0: Ball
2-0: Ball
3-0: Called Strike
3-1: Called Strike
3-2: Base on Balls
Roberto Sandoval to second
Pitching: LHP Mike Scott
Batting: LHB Don Soper 0-0: Ball
1-0: Grounds into double play, 4-6-3 (Groundball, 4M)
Bottom of the 5th over - 0 run(s), 1 hit(s), 0 error(s), 1 left on base; Gainesville 2 - Santa Fe 6
TOP OF THE 6TH
Gainesville Guidos batting - Pitching for Santa Fe Diablos : RHP Júlio Torres
Batting: RHB José Fernández 0-0: Foul Ball, location: 2F
0-1: Ground out 6-3 (Groundball, 6)
Batting: LHB Ed Hart 0-0: Swinging Strike
0-1: Ball
1-1: Ball
2-1: Ball
3-1: Base on Balls
Batting: RHB Noriyori Ine 0-0: Called Strike
0-1: Ball
1-1: Fielders Choice at 2nd, 5-4 (Groundball, 56)
Batting: LHB António Hernández 0-0: Ball
1-0: Swinging Strike
1-1: Foul Ball, location: 2F
1-2: Foul Ball, location: 2F
1-2: Ball
2-2: Fly out, F5 (Popup, 56)
Top of the 6th over - 0 run(s), 0 hit(s), 0 error(s), 1 left on base; Gainesville 2 - Santa Fe 6
BOTTOM OF THE 6TH
Santa Fe Diablos batting - Pitching for Gainesville Guidos : LHP Mike Scott
Batting: RHB Keith Jones 0-0: Ball
1-0: Ball
2-0: Called Strike
2-1: Foul Ball, location: 2F
2-2: SINGLE (Flyball, 8RS)
Batting: RHB Henning Huisman 0-0: Called Strike
0-1: Fly out, F8 (Flyball, 8RD)
Batting: RHB Robert Johnson 0-0: Ball
1-0: Ball
2-0: Called Strike
2-1: Grounds into double play, 6-4-3 (Groundball, 6M)
Bottom of the 6th over - 0 run(s), 1 hit(s), 0 error(s), 0 left on base; Gainesville 2 - Santa Fe 6
TOP OF THE 7TH
Gainesville Guidos batting - Pitching for Santa Fe Diablos : RHP Júlio Torres
Pitching: RHP Bill Morris
Batting: RHB Jason Saunders 0-0: Foul Ball, location: 2F
0-1: Foul Ball, location: 2F
0-2: Ball
1-2: Strikes out looking
Batting: RHB José Ortega 0-0: Ball
1-0: Ball
2-0: Ball
3-0: Called Strike
3-1: Base on Balls
Batting: RHB Pedro Mata 0-0: Foul Ball, location: 2F
0-1: Ball
1-1: Ball
2-1: Grounds into double play, 6-4-3 (Groundball, 6)
Top of the 7th over - 0 run(s), 0 hit(s), 0 error(s), 0 left on base; Gainesville 2 - Santa Fe 6
BOTTOM OF THE 7TH
Santa Fe Diablos batting - Pitching for Gainesville Guidos : LHP Mike Scott
Batting: RHB Randy Sheppard 0-0: Ball
1-0: Swinging Strike
1-1: Foul Ball, location: 2F
1-2: Foul Ball, location: 2F
1-2: Ball
2-2: Ball
3-2: Fly out, F6 (Line Drive, 6)
Pitching: LHP Pedro Flores
Batting: SHB António Hernández 0-0: Called Strike
0-1: Ball
1-1: Foul Ball, location: 2F
1-2: Strikes out swinging
Batting: LHB Roberto Sandoval 0-0: Called Strike
0-1: Foul Ball, location: 2F
0-2: Foul Ball, location: 2F
0-2: Foul Ball, location: 2F
0-2: SINGLE (Line Drive, 4D)
Batting: RHB Wallace Greene 0-0: Ball
Roberto Sandoval steals 2nd base
1-0: Ball
2-0: Foul Ball, location: 2F
2-1: Called Strike
2-2: Foul Ball, location: 2F
2-2: SINGLE (Line Drive, 89M)
Roberto Sandoval to third
Batting: RHB Arnold Harmon 0-0: Ball
1-0: DOUBLE (Line Drive, 3D)
Roberto Sandoval scores
Wallace Greene to third
Runner from 3rd tries for Home, SAFE, no throw or cutoff
Batting: LHB Don Soper 0-0: Ball
1-0: Foul Ball, location: 2F
1-1: Ball
2-1: Called Strike
2-2: Foul Ball, location: 2F
2-2: Ball
3-2: Base on Balls
Batting: RHB Keith Jones 0-0: Ball
1-0: Ball
Arnold Harmon steals 3rd base
Don Soper to second
2-0: Ball
3-0: Called Strike
3-1: Base on Balls
Batting: RHB Henning Huisman 0-0: Ball
1-0: Called Strike
1-1: Called Strike
1-2: Ground out 5-3 (Groundball, 56)
Bottom of the 7th over - 2 run(s), 3 hit(s), 0 error(s), 3 left on base; Gainesville 2 - Santa Fe 8
TOP OF THE 8TH
Gainesville Guidos batting - Pitching for Santa Fe Diablos : RHP Bill Morris
Now at SS: Jorge Rodríguez
Batting: RHB Victor Andrews 0-0: Ball
1-0: Called Strike
1-1: SINGLE (Line Drive, 56)
Batting: LHB Sergio Barrón 0-0: Called Strike
0-1: Called Strike
0-2: Ball
1-2: Ball
2-2: Foul Ball, location: 2F
2-2: Foul Ball, location: 2F
2-2: Strikes out swinging
Batting: RHB José Fernández 0-0: Ball
1-0: Foul Ball, location: 2F
1-1: Fly out, F6 (Line Drive, 6S)
Batting: LHB Ed Hart 0-0: Called Strike
0-1: Ball
1-1: Ball
2-1: Ball
3-1: Fly out, F7 (Flyball, 78D)
Top of the 8th over - 0 run(s), 1 hit(s), 0 error(s), 1 left on base; Gainesville 2 - Santa Fe 8
BOTTOM OF THE 8TH
Santa Fe Diablos batting - Pitching for Gainesville Guidos : LHP Pedro Flores
Batting: RHB Robert Johnson 0-0: Ball
1-0: Called Strike
1-1: Ball
2-1: Foul Ball, location: 2F
2-2: Strikes out swinging
Batting: RHB Randy Sheppard 0-0: Ball
1-0: Ball
2-0: Ball
3-0: Base on Balls
Pitching: RHP Marlon Ryan
Batting: SHB António Hernández 0-0: Ball
1-0: SINGLE (Line Drive, 7S)
Randy Sheppard to second
Batting: LHB Roberto Sandoval 0-0: Fielders Choice at 2nd, 4-6 (Groundball, 34)
Randy Sheppard to third
Batting: RHB Wallace Greene 0-0: Ball
1-0: Ball
2-0: Ball
3-0: Called Strike
3-1: Foul Ball, location: 2F
3-2: Fly out, F7 (Flyball, 78XD)
Bottom of the 8th over - 0 run(s), 1 hit(s), 0 error(s), 2 left on base; Gainesville 2 - Santa Fe 8
TOP OF THE 9TH
Gainesville Guidos batting - Pitching for Santa Fe Diablos : RHP Bill Morris
Now at C: Michael Anderson
Batting: RHB Noriyori Ine 0-0: Ball
1-0: Called Strike
1-1: Ball
2-1: Foul Ball, location: 2F
2-2: Ball
3-2: Strikes out swinging
Batting: LHB António Hernández 0-0: Fly out, F8 (Flyball, 8RM)
Batting: RHB Jason Saunders 0-0: Foul Ball, location: 2F
0-1: Ball
1-1: Ball
2-1: Foul Ball, location: 2F
2-2: Ball
3-2: Base on Balls
Batting: RHB José Ortega 0-0: Ball
1-0: Ball
2-0: Ball
3-0: Called Strike
3-1: Foul Ball, location: 2F
3-2: SINGLE (Groundball, 6MD)
Jason Saunders to second
Jason Saunders to third
Batting: RHB Pedro Mata 0-0: Ball
1-0: Ball
2-0: Foul Ball, location: 2F
2-1: Foul Ball, location: 2F
2-2: Strikes out looking
Top of the 9th over - 0 run(s), 1 hit(s), 0 error(s), 2 left on base; Gainesville 2 - Santa Fe 8
This league is powered by Out of the Park Baseball, the baseball management simulation game for PC, Mac and Linux
Wednesday, December 2nd, 2015 - OOTP Baseball 16.8 Build 38